cohdb
Replays
Latest Replays
All Replays
Popular Replays
Top Player Replays
Match Explorer
How It Works
Community
CoH3 Stats
Reddit
Sign in to upload your games and track your stats! →
Sign in with Steam
Match 41901788
Unlisted
Match 41901788
Overview
Messages
Build Orders
End
Construct Section Command Post
Selects Canadian Shock Battlegroup
Infantry Section
Dingo Light Scout Car
Vickers Machine Gun Team
ML 3-inch Mortar Team
Construct Platoon Command Post
6-pounder Anti-tank Gun Team
Selects Offensive Resupply
Selects Canadian Shock Section
Pipelayer
John Finder
Oier
Bruckley
Muad'Div
zqian
Voodoo408
Madbirmy
0
0
Comments
sign in to comment!
No comments posted yet!